Workbook

Sheet 汇总表
A1: 评估结果汇总表
A2: 评估基准日： 2020年10月29日
A3: 委托单位： | B3: 义乌市产业投资发展集团有限公司 | E3: 单位：人民币元
A4: 序号 | B4: 存放地点 | C4: 设备原值 | D4: 重置价值 | E4: 评估值
A5: 1 | B5: 1号包厢 | C5: =SUM(C6:C8) -> 54801035 | E5: ='1'!F71 -> 10129
A6: 2 | B6: 2号包厢 | C6: =[1]机器设备!J193 -> 54192776 | E6: ='2'!F69 -> 10314
A7: 3 | B7: 9号包厢 | E7: ='9'!F69 -> 7670.1
A8: 4 | B8: 10号包厢 | C8: =[1]运输设备!J24 -> 608258.62 | E8: ='10'!F69 -> 9042
A9: 5 | B9: 11号包厢 | E9: ='11'!F65 -> 8502
A10: 6 | B10: 12号包厢 | C10: =[1]构筑物!R22 -> 1660233 | E10: ='12'!F66 -> 6723
A11: 7 | B11: 13号包厢 | E11: ='13'!F70 -> 6185
A12: 8 | B12: 15号包厢 | E12: ='15'!F66 -> 11529
A13: 9 | B13: 17号包厢 | E13: ='17'!F65 -> 6273
A14: 10 | B14: 大厅 | E14: =大厅!F22 -> 1398
A15: 11 | B15: 一楼过道 | E15: =一楼过道!F32 -> 18044
A16: 12 | B16: 二楼过道 | E16: =二楼过道!F26 -> 3705
A17: 13 | B17: 收银办公室 | E17: =收银!F15 -> 671
A18: 14 | B18: 王总办公室 | E18: =收银!F29 -> 434
A19: 15 | B19: 张总办公室 | E19: =收银!F46 -> 1037
A20: 16 | B20: 销售办公室 | E20: =销售!F17 -> 2170
A21: 17 | B21: 酒水坊 | E21: =销售!F31 -> 397
A22: 18 | B22: 厨房 | E22: =厨房!F11 -> 3092
A23: 19 | B23: 其它 | E23: =其他!F8 -> 25440
B24: 合 计 | C24: =C5+C10+C12 -> 56461268 | E24: =SUM(E5:E23) -> 132755.1
A26: 浙江至诚运通房地产估价资产评估有限公司
A27: 二○二○年十月二十九日

Sheet 1
A2: 评估明细表（1#包厢）
A3: 委托单位： | B3: 义乌市产业投资发展集团有限公司 | E3: 评估基准日： 2020年10月29日
A4: 休息区：
A5: 序 号 | B5: 物品名称 | C5: 规格 | D5: 单位 | E5: 数量 | F5: 评估值（元） | G5: 备注
A6: 1 | B6: 沙发一套 | C6: 4 个单人，1个3 人 | D6: 套 | E6: 1 | F6: 2600 | G6: 实木布艺
A7: 2 | B7: 圆茶几 | C7: 木Ф1.28 | D7: 张 | E7: 1 | F7: 237 | G7: 木圆茶几
A8: 3 | B8: 台灯案 | C8: 木67CM | D8: 张 | E8: 3 | F8: 178
A9: 4 | B9: 台灯 | D9: 盏 | E9: 3 | F9: 25
A10: 5 | B10: 落地音响 | C10: SANSUI | D10: 个 | E10: 3 | F10: 99
A11: 6 | B11: 地毯 | C11: 3M*2.4M | D11: 张 | E11: 1 | F11: 14
A12: 7 | B12: 长方形音响 | D12: 个 | E12: 1 | F12: 30
A13: 8 | B13: 装饰架 | C13: L0.9M, H2M | D13: 个 | E13: 2 | F13: 720 | G13: 博古架
A14: 9 | B14: 假花 | D14: 盆 | E14: 1 | F14: 5
A15: 10 | B15: 电视机装饰柜 | C15: 木L2.4M,H2.5M | D15: 个 | E15: 1 | F15: 1170
A16: 11 | B16: 电视机 | C16: 海信 | D16: 台 | E16: 1 | F16: 70
A17: 12 | B17: 装饰物 | D17: 件 | E17: 9 | F17: 23
A18: 13 | B18: 相框 | D18: 个 | E18: 2 | F18: 2
A19: 14 | B19: 水晶烟缸 | D19: 个 | E19: 1 | F19: 4
A20: 15 | B20: 茶具 | C20: 白瓷 | D20: 个 | E20: 13 | F20: 31
A21: 16 | B21: 机顶盒 | D21: 个 | E21: 1 | F21: 4
A22: 17 | B22: 音响控制机 | C22: SANSUI | D22: 个 | E22: 1 | F22: 75
A23: 18 | B23: DVD | C23: SANSUI | D23: 个 | E23: 1 | F23: 11
A24: 19 | B24: 吊灯 | C24: 4头 | D24: 盏 | E24: 1 | F24: 60
A25: 20 | B25: 壁画 | D25: 幅 | E25: 3 | F25: 23
A26: 21 | B26: 龙头衣架 | C26: L1.5M,H1.7M | D26: 个 | E26: 1 | F26: 180
A27: 22 | B27: 落地台灯 | D27: 盏 | E27: 1 | F27: 23
A28: 23 | B28: 长方形装饰柜 | C28: L1.3M,H1M | D28: 个 | E28: 1 | F28: 240
A29: 24 | B29: 装饰物 | D29: 个 | E29: 2 | F29: 3
A30: 25 | B30: 桌面 | C30: Ф1.8M | D30: 张 | E30: 1 | F30: 68
A31: 26 | B31: 转盘 | D31: 张 | E31: 4 | F31: 56
A32: 27 | B32: 宝宝椅 | D32: 张 | E32: 2 | F32: 30
B33: 小计 | F33: 5981
A34: 用餐区：
A35: 序 号 | B35: 物品名称 | E35: 数量 | F35: 评估值（元） | G35: 备注
A36: 1 | B36: 双层毛巾柜 | D36: 个 | E36: 1 | F36: 11
A37: 2 | B37: 黑色垃圾筒 | D37: 个 | E37: 1 | F37: 1
A38: 3 | B38: 电话机 | D38: 台 | E38: 1 | F38: 2
A39: 4 | B39: 方太厨具 | D39: 套 | E39: 1 | F39: 860
A40: 5 | B40: 亨利戴桌面加转台 | C40: Ф2M | D40: 张 | E40: 1 | F40: 450
A41: 6 | B41: 装饰物 | D41: 个 | E41: 21 | F41: 32
A42: 7 | B42: 假书 | D42: 本 | E42: 2 | F42: 0
A43: 8 | B43: 长方形装饰柜 | D43: 个 | E43: 1 | F43: 420
A44: 9 | B44: 地毯 | C44: Ф2M | D44: 张 | E44: 1 | F44: 36
A45: 10 | B45: 粉色靠背椅 | D45: 张 | E45: 10 | F45: 1050
A46: 11 | B46: 烛台 | D46: 个 | E46: 3 | F46: 7
A47: 12 | B47: 壁画 | D47: 幅 | E47: 1 | F47: 5
A48: 13 | B48: 假花 | D48: 盆 | E48: 1 | F48: 5
A49: 14 | B49: 壁灯 | D49: 盏 | E49: 2 | F49: 72
A50: 15 | B50: 吊灯 | C50: 6头 | D50: 盏 | E50: 1 | F50: 24
A51: 16 | B51: 带回鸟笼 | D51: 个 | E51: 1 | F51: 43
A52: 17 | B52: 装饰架 | C52: L0.9M, H0.8M | D52: 个 | E52: 1 | F52: 150
A53: 18 | B53: 手球桌 | D53: 张 | E53: 1 | F53: 139
A54: 19 | B54: 绿色休闲椅 | D54: 张 | E54: 2 | F54: 315
A55: 20 | B55: 灭火箱 | D55: 个 | E55: 1 | F55: 12
A56: 21 | B56: 小吊灯 | C56: （1个红色） | D56: 盏 | E56: 5 | F56: 45
A57: 22 | B57: 水壶 | D57: 个 | E57: 5 | F57: 9
B58: 小计 | F58: 3688
A59: 洗手间：
A60: 序 号 | B60: 物品名称 | E60: 数量 | F60: 评估值（元） | G60: 备注
A61: 1 | B61: 海尔暖宝 | D61: 个 | E61: 3 | F61: 39
A62: 2 | B62: 洗手台 | D62: 个 | E62: 3 | F62: 255
A63: 3 | B63: 水龙头 | D63: 个 | E63: 3 | F63: 27
A64: 4 | B64: 水晶植物缸 | D64: 个 | E64: 1 | F64: 1
A65: 5 | B65: 竹藤篮 | D65: 个 | E65: 1 | F65: 2
A66: 6 | B66: 高级垃圾筒 | D66: 个 | E66: 1 | F66: 2
A67: 7 | B67: 小便池 | D67: 个 | E67: 1 | F67: 39
A68: 8 | B68: 马桶 | D68: 个 | E68: 1 | F68: 67
A69: 9 | B69: 镜子 | D69: 面 | E69: 2 | F69: 28
B70: 小计 | F70: 460
B71: 合计 | F71: 10129

Sheet 2
A2: 评估明细表（2#包厢）
A3: 委托单位: | B3: 义乌市产业投资发展集团有限公司
A4: 休息区：
A5: 序 号 | B5: 物品名称 | C5: 规格 | D5: 单位 | E5: 数量 | F5: 评估值（元） | G5: 备注
A6: 1 | B6: 沙发一套 | C6: 2个单人，2个3 人 | D6: 套 | E6: 1 | F6: 3200
A7: 2 | B7: 方靠垫 | D7: 个 | E7: 8 | F7: 0
A8: 3 | B8: 小正方形靠垫 | D8: 个 | E8: 2 | F8: 0
A9: 4 | B9: 装饰物 | D9: 件 | E9: 25 | F9: 63
A10: 5 | B10: 装饰柜 | C10: L2.4M, H1.5M | D10: 个 | E10: 1 | F10: 750
A11: 6 | B11: 装饰架 | C11: L0.95M, H2M | D11: 个 | E11: 2 | F11: 600
A12: 7 | B12: 电视机 | C12: 海信 | D12: 台 | E12: 1 | F12: 70
A13: 8 | B13: 机顶盒 | D13: 台 | E13: 1 | F13: 4
A14: 9 | B14: 长方形音响 | D14: 个 | E14: 1 | F14: 50
A15: 10 | B15: 音响控制机 | C15: SANSHUI | D15: 个 | E15: 1 | F15: 75
A16: 11 | B16: DVD | C16: SANSHUI | D16: 个 | E16: 1 | F16: 11
A17: 12 | B17: 圆形茶几 | D17: 个 | E17: 1 | F17: 70
A18: 13 | B18: 茶几 | C18: 1.1M*1.5M | D18: 张 | E18: 1 | F18: 220
A19: 14 | B19: 台灯桌 | C19: 0.75M*0.75M | D19: 张 | E19: 1 | F19: 45
A20: 15 | B20: 地毯 | C20: 4M*4M | D20: 张 | E20: 1 | F20: 150
A21: 16 | B21: 假书 | D21: 件 | E21: 23 | F21: 0
A22: 17 | B22: 茶具架 | C22: 三层，L1.2M | D22: 个 | E22: 1 | F22: 60
A23: 18 | B23: 假花 | D23: 盆 | E23: 2 | F23: 30
A24: 19 | B24: 花架 | C24: 木0.3M*0.3m H1M | D24: 个 | E24: 1 | F24: 60
A25: 20 | B25: 挂壁音响 | D25: 个 | E25: 2 | F25: 50
A26: 21 | B26: 壁灯 | D26: 盏 | E26: 2 | F26: 18
A27: 22 | B27: 落地台灯 | D27: 盏 | E27: 1 | F27: 20
A28: 23 | B28: 镜子 | D28: 面 | E28: 1 | F28: 3
A29: 24 | B29: 衣柜 | C29: L1.2M, H2.1M | D29: 个 | E29: 1 | F29: 220
A30: 25 | B30: 女神雕像 | C30: 0.6M | D30: 个 | E30: 1 | F30: 65
A31: 26 | B31: 帆船 | D31: 艘 | E31: 1 | F31: 15
A32: 27 | B32: 吊灯 | C32: 6头 | D32: 盏 | E32: 1 | F32: 80
A33: 28 | B33: 水晶烟缸 | D33: 个 | E33: 1 | F33: 4
B34: 小计 | F34: 5933
A35: 用餐区：
A36: 序 号 | B36: 物品名称 | C36: 规格 | E36: 数量 | F36: 评估值（元） | G36: 备注
A37: 1 | B37: 带架桌面 | C37: 铁架Ф2.5M | D37: 个 | E37: 1 | F37: 100
A38: 2 | B38: 玻璃转盘 | C38: Ф1.7M | D38: 个 | E38: 1 | F38: 75
A39: 3 | B39: 绿色椅 | D39: 张 | E39: 11 | F39: 578
A40: 4 | B40: 牌椅（黑色皮椅） | D40: 张 | E40: 3 | F40: 0 | G40: 破旧
A41: 5 | B41: 高脚椅 | D41: 张 | E41: 2 | F41: 98
A42: 6 | B42: 酒柜 | C42: L2.5M, H2.3 | D42: 个 | E42: 1 | F42: 1170
A43: 7 | B43: 圆茶几 | C43: Ф0.7M | D43: 张 | E43: 3 | F43: 315
A44: 8 | B44: 装饰品 | D44: 件 | E44: 17 | F44: 43
A45: 9 | B45: 圆茶几 | C45: Ф0.7M | D45: 张 | E45: 1 | F45: 105
A46: 10 | B46: 老板厨具 | D46: 套 | E46: 1 | F46: 860
A47: 11 | B47: 长方形装饰柜 | C47: L1.5M,H1.2M | D47: 个 | E47: 1 | F47: 225
A48: 12 | B48: 灭火箱 | D48: 个 | E48: 1 | F48: 12
A49: 13 | B49: 假花 | D49: 盆 | E49: 1 | F49: 5
A50: 14 | B50: 花架 | C50: Ф0.3M H1.2M | D50: 个 | E50: 1 | F50: 60
A51: 15 | B51: 吊灯 | C51: 其中１盏水晶灯 | D51: 盏 | E51: 3 | F51: 150
A52: 16 | B52: 壁灯 | D52: 盏 | E52: 2 | F52: 20
A53: 17 | B53: 鸟笼吊灯 | C53: 4头 | D53: 盏 | E53: 1 | F53: 50
A54: 18 | B54: 小吊灯 | D54: 盏 | E54: 3 | F54: 30
B55: 小计 | F55: 3896
A56: 洗手间：
A57: 序 号 | B57: 物品名称 | C57: 规格 | E57: 数量 | F57: 评估值（元） | G57: 备注
A58: 1 | B58: 洗手台 | D58: 个 | E58: 3 | F58: 255
A59: 2 | B59: 水龙头 | D59: 个 | E59: 3 | F59: 27
A60: 3 | B60: 海尔暖宝 | D60: 个 | E60: 3 | F60: 64
A61: 4 | B61: 镜子 | D61: 面 | E61: 2 | F61: 28
A62: 5 | B62: 水晶植物缸 | D62: 个 | E62: 1 | F62: 1
A63: 6 | B63: 小便池 | D63: 个 | E63: 1 | F63: 39
A64: 7 | B64: 马桶 | D64: 个 | E64: 1 | F64: 67
A65: 8 | B65: 高级垃圾筒 | D65: 个 | E65: 1 | F65: 2
A66: 9 | B66: 竹藤篮 | D66: 个 | E66: 1 | F66: 2
A67: 10 | B67: 纸巾盒 | D67: 个 | E67: 1 | F67: 0
B68: 小计 | F68: 485
B69: 合计 | F69: 10314

Sheet 9
A2: 评估明细表（9#包厢）
A3: 委托单位： | B3: 义乌市产业投资发展集团有限公司
A4: 休息区：
A5: 序 号 | B5: 物品名称 | C5: 规格 | D5: 单位 | E5: 数量 | F5: 评估值（元） | G5: 备注
A6: 1 | B6: 沙发一套 | C6: 1个3人，2个单人 | D6: 套 | E6: 1 | F6: 1500
A7: 2 | B7: 茶几 | C7: 1.2M | D7: 张 | E7: 1 | F7: 200
A8: 3 | B8: 水晶烟缸 | D8: 个 | E8: 1 | F8: 4
A9: 4 | B9: 茶具 | D9: 个 | E9: 13 | F9: 104
A10: 5 | B10: 亨利戴纸巾盒 | D10: 个 | E10: 1 | F10: 0
A11: 6 | B11: 装饰物 | D11: 件 | E11: 12 | F11: 30
A12: 7 | B12: 台灯桌 | D12: 张 | E12: 2 | F12: 90
A13: 8 | B13: 台灯 | D13: 盏 | E13: 1 | F13: 20
A14: 9 | B14: 假书 | D14: 件 | E14: 14 | F14: 0
A15: 10 | B15: 装饰架 | C15: 1.5M*0.7M | D15: 个 | E15: 1 | F15: 98
A16: 11 | B16: 装饰柜 | C16: L2.5M，H1.8M | D16: 个 | E16: 1 | F16: 1020
A17: 12 | B17: 落地音响 | C17: SANSHUI | D17: 个 | E17: 2 | F17: 110
A18: 13 | B18: 长方形音响 | D18: 个 | E18: 1 | F18: 50
A19: 14 | B19: 挂壁音响 | D19: 个 | E19: 1 | F19: 25
A20: 15 | B20: 电视机 | D20: 台 | E20: 1 | F20: 100
A21: 16 | B21: 机顶盒 | D21: 个 | E21: 1 | F21: 4
A22: 17 | B22: DVD | C22: SANSHUI | D22: 个 | E22: 1 | F22: 11
A23: 18 | B23: 音响控制机 | C23: SANSHUI | D23: 个 | E23: 1 | F23: 75
A24: 19 | B24: 相框 | D24: 个 | E24: 1 | F24: 1
A25: 20 | B25: 长方形靠垫 | D25: 个 | E25: 5 | F25: 0
A26: 21 | B26: 衣柜 | C26: L1.15M H2.1M | D26: 个 | E26: 1 | F26: 375
A27: 22 | B27: 镜子 | E27: 1 | F27: 3
B28: 小计 | F28: 3820
A29: 用餐区：
A30: 序 号 | B30: 物品名称 | C30: 规格 | D30: 单位 | E30: 数量 | F30: 评估值（元） | G30: 备注
A31: 1 | B31: 毛巾柜 | D31: 个 | E31: 1 | F31: 11
A32: 2 | B32: 黑色垃圾筒 | D32: 个 | E32: 1 | F32: 2
A33: 3 | B33: 电话机 | D33: 台 | E33: 1 | F33: 2
A34: 4 | B34: 方太厨具 | D34: 套 | E34: 1 | F34: 860
A35: 5 | B35: 亨利戴桌面加转台 | D35: 张 | E35: 1 | F35: 450
A36: 6 | B36: 棕色椅 | D36: 张 | E36: 8 | F36: 420
A37: 7 | B37: 宝宝椅 | D37: 张 | E37: 2 | F37: 15
A38: 8 | B38: 小装饰品 | D38: 件 | E38: 16 | F38: 17
A39: 9 | B39: 假花 | D39: 盆 | E39: 4 | F39: 18
A40: 10 | B40: 长方形装饰柜 | C40: L1.9M, H1M | D40: 个 | E40: 1 | F40: 330
A41: 11 | B41: 椭圆装饰柜 | C41: L1.2M, H0.85M | D41: 个 | E41: 1 | F41: 150
A42: 12 | B42: 三角装饰柜 | C42: L1M, H2.1M | D42: 个 | E42: 1 | F42: 240
A43: 13 | B43: 长方形装饰架 | C43: L1.4M, H0.9M | D43: 个 | E43: 1 | F43: 225
A44: 14 | B44: 龙头衣架 | D44: 个 | E44: 1 | F44: 180
A45: 15 | B45: 假书 | D45: 件 | E45: 23 | F45: 0
A46: 16 | B46: 相框 | C46: 诗酒趁年华 | D46: 个 | E46: 1 | F46: 5
A47: 17 | B47: 花架 | C47: Ф0.4M | D47: 个 | E47: 1 | F47: 30
A48: 18 | B48: 地毯 | C48: Ф2M | D48: 张 | E48: 1 | F48: 35
A49: 19 | B49: 吊灯 | D49: 盏 | E49: 3 | F49: 360
A50: 20 | B50: 壁灯 | D50: 盏 | E50: 3 | F50: 60
A51: 21 | B51: 落地台灯 | D51: 盏 | E51: 1 | F51: 40
A52: 22 | B52: 镜子 | D52: 面 | E52: 2 | F52: 6
B53: 小计 | F53: 3456
A54: 洗手间：
A55: 序 号 | B55: 物品名称 | C55: 规格 | D55: 单位 | E55: 数量 | F55: 评估值（元） | G55: 备注
A56: 1 | B56: 洗手台 | D56: 个 | E56: 2 | F56: 170
A57: 2 | B57: 水龙头 | D57: 个 | E57: 2 | F57: 18
A58: 3 | B58: 纸巾盒 | D58: 个 | E58: 1 | F58: 0.3
A59: 4 | B59: 肥皂盒 | D59: 个 | E59: 1 | F59: 0.3
A60: 5 | B60: 水晶植物缸 | D60: 个 | E60: 1 | F60: 1
A61: 6 | B61: 海尔暖宝 | D61: 个 | E61: 3 | F61: 64.35
A62: 7 | B62: 竹藤篮 | D62: 个 | E62: 1 | F62: 1.8
A63: 8 | B63: 小便池 | D63: 个 | E63: 1 | F63: 39.4
A64: 9 | B64: 马桶 | D64: 个 | E64: 1 | F64: 67.45
A65: 10 | B65: 高级垃圾筒 | D65: 个 | E65: 1 | F65: 1.5
A66: 11 | B66: 镜子 | D66: 面 | E66: 2 | F66: 27.5
A67: 12 | B67: 菲佣纸巾架 | D67: 只 | E67: 1 | F67: 2.5
B68: 小计 | F68: 394.1
B69: 合计 | F69: 7670.1

Sheet 10
A2: 评估明细表（10#包厢）
A3: 委托单位： | B3: 义乌市产业投资发展集团有限公司
A4: 休息区：
A5: 序 号 | B5: 物品名称 | C5: 规格 | D5: 单位 | E5: 数量 | F5: 评估值（元） | G5: 备注
A6: 1 | B6: 茶几 | C6: 1.3M*0.76M | D6: 张 | E6: 2 | F6: 240
A7: 2 | B7: 地毯 | C7: 3.2M*4M | D7: 张 | E7: 1 | F7: 85
A8: 3 | B8: 沙发一套 | C8: （2张3 人,2张单人） | D8: 套 | E8: 1 | F8: 3200
A9: 4 | B9: 水晶烟缸 | D9: 个 | E9: 1 | F9: 2
A10: 5 | B10: 台灯桌 | D10: 张 | E10: 1 | F10: 45
A11: 6 | B11: 落地音响 | D11: 个 | E11: 4 | F11: 220
A12: 7 | B12: 装饰柜 | C12: L2.6M, H2.5M | D12: 个 | E12: 1 | F12: 820
A13: 8 | B13: 电视机 | D13: 台 | E13: 1 | F13: 100
A14: 9 | B14: 机顶盒 | D14: 个 | E14: 1 | F14: 4
A15: 10 | B15: 装饰物 | D15: 件 | E15: 7 | F15: 18
A16: 11 | B16: DVD | D16: 个 | E16: 1 | F16: 11
A17: 12 | B17: 音响控制机 | D17: 个 | E17: 1 | F17: 75
A18: 13 | B18: 长方形音响 | D18: 个 | E18: 1 | F18: 50
A19: 14 | B19: 锥形书架 | D19: 个 | E19: 1 | F19: 108
A20: 15 | B20: 落地台灯 | D20: 盏 | E20: 1 | F20: 21
A21: 16 | B21: 假书 | D21: 本 | E21: 21 | F21: 0
A22: 17 | B22: 壁灯 | D22: 盏 | E22: 2 | F22: 20
A23: 18 | B23: 台灯 | D23: 盏 | E23: 1 | F23: 20
A24: 19 | B24: 假花 | D24: 盆 | E24: 2 | F24: 9
A25: 20 | B25: 相框 | D25: 个 | E25: 1 | F25: 1
A26: 21 | B26: 衣柜 | C26: L1.15M, H2.1M | D26: 个 | E26: 1 | F26: 252
A27: 22 | B27: 吊灯 | D27: 盏 | E27: 1 | F27: 55
A28: 23 | B28: 银色带枕靠背椅 | D28: 张 | E28: 1 | F28: 53
A29: 24 | B29: 壁画 | D29: 幅 | E29: 3 | F29: 14
B30: 小计 | F30: 5423
A31: 用餐区：
A32: 序 号 | B32: 物品名称 | C32: 规格 | E32: 数量 | F32: 评估值（元） | G32: 备注
A33: 1 | B33: 毛巾柜 | C33: 单层 | D33: 个 | E33: 1 | F33: 19
A34: 2 | B34: 黑色垃圾筒 | D34: 个 | E34: 1 | F34: 1
A35: 3 | B35: 电话机 | D35: 台 | E35: 1 | F35: 2
A36: 4 | B36: 方太厨具 | D36: 套 | E36: 1 | F36: 860
A37: 5 | B37: 亨利戴桌面加转台 | D37: 张 | E37: 1 | F37: 450
A38: 6 | B38: 酒吧台 | D38: 个 | E38: 1 | F38: 200
A39: 7 | B39: 高脚椅 | D39: 张 | E39: 3 | F39: 147
A40: 8 | B40: 假书 | D40: 本 | E40: 13 | F40: 0
A41: 9 | B41: 装饰柜 | C41: L2.6M, H1M | D41: 个 | E41: 1 | F41: 350
A42: 10 | B42: 装饰物 | D42: 件 | E42: 14 | F42: 21
A43: 11 | B43: 假花 | D43: 盆 | E43: 2 | F43: 9
A44: 12 | B44: 银白色绒布椅 | D44: 张 | E44: 8 | F44: 420
A45: 13 | B45: 地毯 | D45: 张 | E45: 1 | F45: 36
A46: 14 | B46: 装饰柜 | C46: L2M, H1.2M | D46: 个 | E46: 1 | F46: 200
A47: 15 | B47: 装饰架 | C47: L1.4M, H0.9M | D47: 个 | E47: 1 | F47: 140
A48: 16 | B48: 鱼型盆 | D48: 个 | E48: 1 | F48: 3
A49: 17 | B49: 烛台 | D49: 个 | E49: 3 | F49: 12
A50: 18 | B50: 圆柱花架 | D50: 个 | E50: 1 | F50: 30
A51: 19 | B51: 大圆盆装饰物（带架） | D51: 个 | E51: 1 | F51: 24
A52: 20 | B52: 壁画 | D52: 幅 | E52: 4 | F52: 30
A53: 21 | B53: 壁灯 | D53: 盏 | E53: 4 | F53: 80
A54: 22 | B54: 吊灯 | D54: 盏 | E54: 1 | F54: 100
B55: 小计 | F55: 3134
A56: 洗手间：
A57: 序 号 | B57: 物品名称 | C57: 规格 | E57: 数量 | F57: 评估值（元） | G57: 备注
A58: 1 | B58: 洗手台 | D58: 个 | E58: 3 | F58: 255
A59: 2 | B59: 水龙头 | D59: 个 | E59: 3 | F59: 27
A60: 3 | B60: 纸巾盒 | D60: 个 | E60: 1 | F60: 0
A61: 4 | B61: 水晶植物缸 | D61: 个 | E61: 1 | F61: 1
A62: 5 | B62: 海尔暖宝 | D62: 个 | E62: 3 | F62: 64
A63: 6 | B63: 竹藤篮 | D63: 个 | E63: 1 | F63: 2
A64: 7 | B64: 小便池 | D64: 个 | E64: 1 | F64: 39
A65: 8 | B65: 马桶 | D65: 个 | E65: 1 | F65: 67
A66: 9 | B66: 高级垃圾筒 | D66: 个 | E66: 1 | F66: 2
A67: 10 | B67: 镜子 | D67: 面 | E67: 2 | F67: 28
B68: 小计 | F68: 485
B69: 合计 | F69: 9042

Sheet 11
A2: 评估明细表（11#包厢）
A3: 委托单位： | B3: 义乌市产业投资发展集团有限公司
A4: 休息区：
A5: 序 号 | B5: 物品名称 | C5: 规格 | D5: 单位 | E5: 数量 | F5: 评估值(元） | G5: 备注
A6: 1 | B6: 玻璃茶几 | C6: 1.4M*1.4M | D6: 张 | E6: 1 | F6: 280
A7: 2 | B7: 沙发一套 | C7: 2个3人，1个2 人 | D7: 套 | E7: 1 | F7: 2000
A8: 3 | B8: 水晶烟缸 | D8: 个 | E8: 1 | F8: 2
A9: 4 | B9: 电视机 | C9: 海信 | D9: 台 | E9: 1 | F9: 100
A10: 5 | B10: DVD | D10: 个 | E10: 1 | F10: 11
A11: 6 | B11: 音响控制机 | D11: 个 | E11: 1 | F11: 75
A12: 7 | B12: 长方形音响 | D12: 个 | E12: 1 | F12: 50
A13: 8 | B13: 落地音响 | D13: 个 | E13: 2 | F13: 110
A14: 9 | B14: 挂壁音响 | D14: 个 | E14: 2 | F14: 50
A15: 10 | B15: 相框 | D15: 个 | E15: 1 | F15: 1
A16: 11 | B16: 壁灯 | D16: 盏 | E16: 2 | F16: 40
A17: 12 | B17: 地毯 | C17: 4M*3.2M | D17: 张 | E17: 1 | F17: 65
A18: 13 | B18: 机顶盒 | D18: 个 | E18: 1 | F18: 4
A19: 14 | B19: 假花 | D19: 盆 | E19: 2 | F19: 9
A20: 15 | B20: 花架 | C20: Ф0.4M | D20: 个 | E20: 1 | F20: 30
A21: 16 | B21: 台灯桌 | C21: 0.7M*0.7M | D21: 张 | E21: 2 | F21: 90
A22: 17 | B22: 台灯 | D22: 盏 | E22: 2 | F22: 40
A23: 18 | B23: 装饰物 | D23: 个 | E23: 2 | F23: 5
A24: 19 | B24: 长方形置衣柜 | C24: L1.4M, H2.2M | D24: 个 | E24: 1 | F24: 300
A25: 20 | B25: 屏风 | C25: 2.5M*2.4M | D25: 个 | E25: 1 | F25: 50
A26: 21 | B26: 落地灯 | D26: 个 | E26: 1 | F26: 40
B27: 小计 | F27: 3352
A28: 用餐区：
A29: 序 号 | B29: 物品名称 | C29: 规格 | D29: 单位 | E29: 数量 | F29: 评估值(元） | G29: 备注
A30: 1 | B30: 电话机 | D30: 台 | E30: 1 | F30: 2
A31: 2 | B31: 方太厨具 | D31: 套 | E31: 1 | F31: 860
A32: 3 | B32: 黑色垃圾筒 | D32: 个 | E32: 1 | F32: 1
A33: 4 | B33: 酒吧台 | C33: L1.6M, H1.2M | D33: 个 | E33: 1 | F33: 168
A34: 5 | B34: 假花 | D34: 盆 | E34: 4 | F34: 18
A35: 6 | B35: 酒吧高脚椅 | D35: 张 | E35: 2 | F35: 98
A36: 7 | B36: 相框 | D36: 个 | E36: 2 | F36: 1
A37: 8 | B37: 装饰柜 | C37: 3门 | D37: 个 | E37: 1 | F37: 680
A38: 9 | B38: 装饰柜 | C38: 2门 | D38: 个 | E38: 1 | F38: 500
A39: 10 | B39: 三角装饰柜 | D39: 个 | E39: 2 | F39: 280
A40: 11 | B40: 小装饰物 | D40: 个 | E40: 37 | F40: 56
A41: 12 | B41: 假书 | D41: 件 | E41: 60 | F41: 0
A42: 13 | B42: 花架 | D42: 个 | E42: 1 | F42: 30
A43: 14 | B43: 吊灯 | D43: 盏 | E43: 2 | F43: 200
A44: 15 | B44: 装饰盆 | D44: 个 | E44: 2 | F44: 5
A45: 16 | B45: 壁灯 | D45: 盏 | E45: 2 | F45: 40
A46: 17 | B46: 亨利戴桌面加转台 | D46: 张 | E46: 1 | F46: 520
A47: 18 | B47: 地毯 | D47: 张 | E47: 1 | F47: 36
A48: 19 | B48: 花椅 | D48: 张 | E48: 8 | F48: 840
A49: 20 | B49: 毛巾柜 | D49: 个 | E49: 1 | F49: 11
A50: 21 | B50: 酒柜 | C50: 2M*1M | D50: 个 | E50: 1 | F50: 220
A51: 22 | B51: 装饰桌 | C51: 1.5M*1M | D51: 个 | E51: 1 | F51: 120
B52: 小计 | F52: 4686
A53: 洗手间：
A54: 序 号 | B54: 物品名称 | C54: 规格 | D54: 单位 | E54: 数量 | F54: 评估值(元） | G54: 备注
A55: 1 | B55: 洗手台 | D55: 个 | E55: 3 | F55: 255
A56: 2 | B56: 水龙头 | D56: 个 | E56: 3 | F56: 27
A57: 3 | B57: 海尔暖宝 | D57: 个 | E57: 2 | F57: 43
A58: 4 | B58: 水晶植物缸 | D58: 个 | E58: 1 | F58: 1
A59: 5 | B59: 镜子 | D59: 面 | E59: 2 | F59: 28
A60: 6 | B60: 竹藤篮 | D60: 个 | E60: 1 | F60: 2
A61: 7 | B61: 小便池 | D61: 个 | E61: 1 | F61: 39
A62: 8 | B62: 马桶 | D62: 个 | E62: 1 | F62: 67
A63: 9 | B63: 高级垃圾筒 | D63: 个 | E63: 1 | F63: 2
B64: 小计 | F64: 464
B65: 合计 | F65: 8502

Sheet 12
A2: 评估明细表（12#包厢）
A3: 委托单位： | B3: 义乌市产业投资发展集团有限公司
A4: 休息区：
A5: 序 号 | B5: 物品名称 | C5: 规格 | D5: 单位 | E5: 数量 | F5: 评估值（元） | G5: 备注
A6: 1 | B6: 沙发一套 | C6: 2个双人，2个3 人 | D6: 套 | E6: 1 | F6: 2000
A7: 2 | B7: 正方形靠垫 | D7: 个 | E7: 3 | F7: 0
A8: 3 | B8: 茶几 | C8: 1.6M*0.9M | D8: 张 | E8: 1 | F8: 180
A9: 4 | B9: 水晶烟缸 | D9: 个 | E9: 1 | F9: 2
A10: 5 | B10: 地毯 | C10: 4M*3.2M | D10: 张 | E10: 1 | F10: 85
A11: 6 | B11: 台灯桌 | D11: 张 | E11: 2 | F11: 84
A12: 7 | B12: 花架 | D12: 个 | E12: 1 | F12: 30
A13: 8 | B13: 假花 | D13: 盆 | E13: 1 | F13: 5
A14: 9 | B14: 挂壁音响 | D14: 个 | E14: 2 | F14: 50
A15: 10 | B15: 落地音响 | D15: 个 | E15: 2 | F15: 110
A16: 11 | B16: 台灯 | D16: 盏 | E16: 1 | F16: 20
A17: 12 | B17: 落地台灯 | D17: 盏 | E17: 1 | F17: 21
A18: 13 | B18: 相框 | D18: 个 | E18: 1 | F18: 1
A19: 14 | B19: 装饰物 | D19: 件 | E19: 5 | F19: 8
A20: 15 | B20: 天鹅装饰物 | D20: 件 | E20: 1 | F20: 2
A21: 16 | B21: 假书 | D21: 本 | E21: 9 | F21: 0
A22: 17 | B22: 装饰架 | D22: 个 | E22: 1 | F22: 140
A23: 18 | B23: 壁灯 | D23: 盏 | E23: 2 | F23: 40
A24: 19 | B24: 装饰柜 | C24: 2.6M*2.3M | D24: 个 | E24: 1 | F24: 520
A25: 20 | B25: 电视机 | C25: 海信 | D25: 台 | E25: 1 | F25: 200
A26: 21 | B26: 机顶盒 | D26: 台 | E26: 1 | F26: 4
A27: 22 | B27: DVD | D27: 个 | E27: 1 | F27: 11
A28: 23 | B28: 音响控制机 | D28: 个 | E28: 1 | F28: 75
A29: 24 | B29: 三层衣柜 | C29: 2门 | D29: 个 | E29: 1 | F29: 250
A30: 25 | B30: 马毛靠背椅 | D30: 张 | E30: 1 | F30: 280
A31: 26 | B31: 吊灯 | D31: 盏 | E31: 1 | F31: 100
A32: 27 | B32: 长方形音响 | D32: 个 | E32: 1 | F32: 50
B33: 合计 | F33: 4268
A34: 用餐区：
A35: 序 号 | B35: 物品名称 | C35: 规格 | D35: 单位 | E35: 数量 | F35: 评估值（元） | G35: 备注
A36: 1 | B36: 带架桌面 | C36: Ф3 | D36: 个 | E36: 1 | F36: 120
A37: 2 | B37: 玻璃转盘 | C37: Ф2.15 | D37: 个 | E37: 1 | F37: 50
A38: 3 | B38: 黑色皮椅 | D38: 张 | E38: 13 | F38: 215
A39: 4 | B39: 花架 | D39: 个 | E39: 1 | F39: 30
A40: 5 | B40: 假花 | D40: 盆 | E40: 1 | F40: 5
A41: 6 | B41: 壁画 | D41: 幅 | E41: 2 | F41: 9
A42: 7 | B42: 壁灯 | D42: 盏 | E42: 2 | F42: 60
A43: 8 | B43: 方太厨具 | D43: 套 | E43: 1 | F43: 860
A44: 9 | B44: 吊灯 | C44: 3层16头 | D44: 盏 | E44: 1 | F44: 180
A45: 10 | B45: 餐具柜 | C45: 2门 H1.5M | D45: 个 | E45: 1 | F45: 220
A46: 11 | B46: 小装饰物 | D46: 个 | E46: 2 | F46: 3
A47: 12 | B47: 龙头衣架 | D47: 个 | E47: 1 | F47: 180
A48: 13 | B48: 毛巾柜 | C48: 单层 | D48: 个 | E48: 1 | F48: 10
A49: 14 | B49: 电话机 | D49: 个 | E49: 1 | F49: 3
A50: 15 | B50: 黑色垃圾筒 | D50: 个 | E50: 1 | F50: 3
A51: 16 | B51: 水壶 | D51: 个 | E51: 3 | F51: 9
A52: 17 | B52: 圆茶几 | D52: 个 | E52: 2 | F52: 160
B53: 合计 | F53: 2117
A54: 洗手间：
A55: 序 号 | B55: 物品名称 | C55: 规格 | D55: 单位 | E55: 数量 | F55: 评估值（元） | G55: 备注
A56: 1 | B56: 洗手台 | D56: 个 | E56: 2 | F56: 170
A57: 2 | B57: 纸巾盒 | D57: 个 | E57: 1 | F57: 0
A58: 3 | B58: 水晶植物缸 | D58: 个 | E58: 1 | F58: 1
A59: 4 | B59: 竹藤篮 | D59: 个 | E59: 1 | F59: 2
A60: 5 | B60: 海尔暖宝 | D60: 个 | E60: 2 | F60: 43
A61: 6 | B61: 小便池 | D61: 个 | E61: 1 | F61: 39
A62: 7 | B62: 马桶 | D62: 个 | E62: 1 | F62: 67
A63: 8 | B63: 高级垃圾筒 | D63: 个 | E63: 1 | F63: 2
A64: 9 | B64: 镜子 | D64: 面 | E64: 1 | F64: 14
B65: 小计 | F65: 338
B66: 合计 | F66: 6723

Sheet 13
A2: 评估明细表（13#包厢）
A3: 委托单位： | B3: 义乌市产业投资发展集团有限公司
A4: 休息区：
A5: 序 号 | B5: 物品名称 | C5: 规格 | D5: 单位 | E5: 数量 | F5: 评估值（元） | G5: 备注
A6: 1 | B6: 沙发一套 | C6: 2张3人，1张单人 | D6: 套 | E6: 1 | F6: 600
A7: 2 | B7: 地毯 | C7: 4M*3.2M | D7: 张 | E7: 1 | F7: 85
A8: 3 | B8: 四方靠垫 | C8: 大 | D8: 个 | E8: 4 | F8: 0
A9: 4 | B9: 四方靠垫 | C9: 小 | D9: 个 | E9: 3 | F9: 0
A10: 5 | B10: 黄玫瑰靠垫 | D10: 个 | E10: 2 | F10: 0
A11: 6 | B11: 茶几 | C11: 1.4M | D11: 张 | E11: 1 | F11: 350
A12: 7 | B12: 水晶烟缸 | D12: 个 | E12: 1 | F12: 2
A13: 8 | B13: 装饰柜 | C13: 2.5M | D13: 个 | E13: 1 | F13: 820
A14: 9 | B14: 电视机 | D14: 台 | E14: 1 | F14: 70
A15: 10 | B15: 小装饰品 | D15: 件 | E15: 12 | F15: 18
A16: 11 | B16: 机顶盒 | D16: 台 | E16: 1 | F16: 4
A17: 12 | B17: 音响控制机 | D17: 个 | E17: 1 | F17: 75
A18: 13 | B18: DVD | D18: 个 | E18: 1 | F18: 11
A19: 14 | B19: 落地音响 | D19: 个 | E19: 2 | F19: 110
A20: 15 | B20: 挂壁音响 | D20: 个 | E20: 2 | F20: 50
A21: 16 | B21: 台灯 | D21: 盏 | E21: 4 | F21: 160
A22: 17 | B22: 台灯桌 | D22: 张 | E22: 3 | F22: 126
A23: 18 | B23: 假花 | D23: 盆 | E23: 2 | F23: 9
A24: 19 | B24: 三脚衣帽架 | D24: 个 | E24: 1 | F24: 12
A25: 20 | B25: 落地灯 | D25: 盏 | E25: 1 | F25: 40
... A32: 27 | B32: 穿衣镜子 | D32: 面 | E32: 1 | F32: 150
B33: 合计 | F33: 3033
A34: 用餐区：
A35: 序 号 | B35: 物品名称 | C35: 规格 | D35: 单位 | E35: 数量 | F35: 评估值（元） | G35: 备注
A36: 1 | B36: 带架桌面 | D36: 个 | E36: 1 | F36: 100
A37: 2 | B37: 玻璃转盘 | D37: 个 | E37: 1 | F37: 85
A38: 3 | B38: 椅子 | D38: 张 | E38: 10 | F38: 500
A39: 4 | B39: 花架 | D39: 个 | E39: 1 | F39: 40
A40: 5 | B40: 假花 | D40: 盆 | E40: 5 | F40: 23
A41: 6 | B41: 牌桌 | D41: 张 | E41: 1 | F41: 120
A42: 7 | B42: 椭圆柜子 | C42: L0.8M, H0.8M | D42: 个 | E42: 2 | F42: 480
A43: 8 | B43: 壁画 | D43: 幅 | E43: 2 | F43: 9
A44: 9 | B44: 吊灯 | C44: 大 | E44: 1 | F44: 100
A45: 10 | B45: 吊灯 | C45: 小 | E45: 1 | F45: 50
A46: 11 | B46: 方太厨具 | D46: 套 | E46: 1 | F46: 860
A47: 12 | B47: 厨具柜 | D47: 个 | E47: 1 | F47: 220
A48: 13 | B48: 黑色垃圾筒 | D48: 个 | E48: 1 | F48: 1
A49: 14 | B49: 毛巾柜 | C49: 单层 | D49: 个 | E49: 1 | F49: 10
A50: 15 | B50: 电话机 | D50: 个 | E50: 1 | F50: 2
A51: 16 | B51: 壁灯 | D51: 盏 | E51: 2 | F51: 40
A52: 17 | B52: 玻璃转心 | D52: 个 | E52: 1 | F52: 10
A53: 18 | B53: 水壶 | D53: 个 | E53: 3 | F53: 8
A54: 19 | B54: 吊灯 | D54: 盏 | E54: 1 | F54: 100
A55: 20 | B55: 皮沙发 | C55: 单人 | D55: 张 | E55: 2 | F55: 0 | G55: 破旧
A56: 21 | B56: 小方桌 | C56: 0.7M | D56: 张 | E56: 1 | F56: 60
B57: 合计 | F57: 2818
A58: 洗手间：
A59: 序 号 | B59: 物品名称 | C59: 规格 | D59: 单位 | E59: 数量 | F59: 评估值（元） | G59: 备注
A60: 1 | B60: 洗手台 | D60: 个 | E60: 2 | F60: 170
A61: 2 | B61: 水龙头 | D61: 个 | E61: 2 | F61: 18
A62: 3 | B62: 海尔暖宝 | D62: 个 | E62: 1 | F62: 21
A63: 4 | B63: 植物水晶缸 | D63: 个 | E63: 1 | F63: 1
A64: 5 | B64: 高级垃圾筒 | D64: 个 | E64: 1 | F64: 2
A65: 6 | B65: 竹藤篮 | D65: 个 | E65: 1 | F65: 2
A66: 7 | B66: 小便池 | D66: 个 | E66: 1 | F66: 39
A67: 8 | B67: 马桶 | D67: 个 | E67: 1 | F67: 67
A68: 9 | B68: 镜子 | D68: 面 | E68: 1 | F68: 14
B69: 小计 | F69: 334
B70: 合计 | F70: 6185

Sheet 15
A2: 评估明细表（15#包厢）
A3: 委托单位： | B3: 义乌市产业投资发展集团有限公司 | E3: 评估基准日： 2020年10月29日
A4: 休息区：
A5: 序 号 | B5: 物品名称 | C5: 规格 | D5: 单位 | E5: 数量 | F5: 评估值（元） | G5: 备注
A6: 1 | B6: 沙发一套 | C6: 3人1张，2人1张，1人1张 | D6: 套 | E6: 1 | F6: 500
A7: 2 | B7: 茶几 | C7: 1.45M*1.45M | D7: 张 | E7: 1 | F7: 350
A8: 3 | B8: 亨利戴纸巾盒 | D8: 个 | E8: 1 | F8: 0
A9: 4 | B9: 水晶烟缸 | D9: 个 | E9: 1 | F9: 2
A10: 5 | B10: 地毯 | C10: 4M*3.2M | D10: 张 | E10: 1 | F10: 85
A11: 6 | B11: 靠枕 | D11: 个 | E11: 5 | F11: 0
A12: 7 | B12: 台灯 | D12: 盏 | E12: 2 | F12: 84
A13: 8 | B13: 台灯桌 | C13: 圆形 | D13: 张 | E13: 2 | F13: 80
A14: 9 | B14: 装饰小花白色 | D14: 盆 | E14: 1 | F14: 5
A15: 10 | B15: 相框 | D15: 个 | E15: 1 | F15: 1
A16: 11 | B16: 挂壁小音响 | D16: 个 | E16: 2 | F16: 50
A17: 12 | B17: 落地音响 | D17: 个 | E17: 2 | F17: 110
A18: 13 | B18: 壁灯 | D18: 盏 | E18: 2 | F18: 20
A19: 14 | B19: 长方形镜子 | D19: 面 | E19: 1 | F19: 4
A20: 15 | B20: 大音箱 | D20: 个 | E20: 1 | F20: 38
A21: 16 | B21: 电视机 | D21: 台 | E21: 1 | F21: 100
A22: 17 | B22: 亨利戴花架 | C22: H1.5M | D22: 个 | E22: 1 | F22: 300
A23: 18 | B23: 假花 | D23: 盆 | E23: 1 | F23: 5
A24: 19 | B24: 落地台灯银色 | D24: 个 | E24: 2 | F24: 80
A25: 20 | B25: 落地台灯铜色 | D25: 个 | E25: 1 | F25: 40
A26: 21 | B26: 衣柜 | C26: 2门，H2.3M | D26: 个 | E26: 1 | F26: 250
A27: 22 | B27: 展示柜 | C27: L3M, H3M | D27: 个 | E27: 1 | F27: 1350
A28: 23 | B28: 展示柜内装饰品 | D28: 件 | E28: 10 | F28: 25
A29: 24 | B29: 假书 | D29: 本 | E29: 19 | F29: 0
A30: 25 | B30: 欧式铁架 | D30: 套 | E30: 1 | F30: 10
A31: 26 | B31: 机顶盒 | D31: 台 | E31: 1 | F31: 4
A32: 27 | B32: 休息区吊灯 | C32: （1大1小） | D32: 盏 | E32: 2 | F32: 200
A33: 28 | B33: 长方形音响 | D33: 个 | E33: 1 | F33: 50
B34: 小计 | F34: 3743
A35: 用餐区：
A36: 序 号 | B36: 物品名称 | C36: 规格 | D36: 单位 | E36: 数量 | F36: 评估值（元） | G36: 备注
A37: 1 | B37: 空调 | C37: 格力挂机 | D37: 台 | E37: 1 | F37: 260
A38: 2 | B38: 毛巾柜 | C38: 单层 | D38: 个 | E38: 1 | F38: 10
A39: 3 | B39: 方太厨具 | D39: 套 | E39: 1 | F39: 860
A40: 4 | B40: 电话机 | D40: 个 | E40: 1 | F40: 3
A41: 5 | B41: 干白冰桶冰架 | D41: 套 | E41: 1 | F41: 13
A42: 6 | B42: 教皇椅 | D42: 张 | E42: 12 | F42: 3960
A43: 7 | B43: 长方形桌子（放帆船） | C43: L1.25M | D43: 张 | E43: 1 | F43: 150
A44: 8 | B44: 亨利戴桌面加转盘 | C44: Ф3M | D44: 张 | E44: 1 | F44: 880
A45: 9 | B45: 展示柜 | C45: L1.5M ,H2.4M | D45: 个 | E45: 1 | F45: 480
A46: 10 | B46: 展示柜内装饰品 | D46: 件 | E46: 10 | F46: 25
A47: 11 | B47: 大吊灯 | D47: 盏 | E47: 1 | F47: 600
A48: 12 | B48: 壁灯 | D48: 盏 | E48: 1 | F48: 20
A49: 13 | B49: 地毯 | D49: 张 | E49: 1 | F49: 56
A50: 14 | B50: 垃圾筒 | D50: 个 | E50: 1 | F50: 2
B51: 小计 | F51: 7319
A52: 洗手间：
A53: 序 号 | B53: 物品名称 | C53: 规格 | D53: 单位 | E53: 数量 | F53: 评估值（元） | G53: 备注
A54: 1 | B54: 小便池 | D54: 个 | E54: 1 | F54: 39
A55: 2 | B55: 马桶 | D55: 个 | E55: 1 | F55: 67
A56: 3 | B56: 高级垃圾筒 | D56: 个 | E56: 1 | F56: 2
A57: 4 | B57: 纸巾盒 | D57: 个 | E57: 1 | F57: 0
A58: 5 | B58: 植物水晶缸 | D58: 个 | E58: 1 | F58: 1
A59: 6 | B59: 海尔暖宝 | D59: 个 | E59: 2 | F59: 43
A60: 7 | B60: 竹藤篮 | D60: 个 | E60: 1 | F60: 2
A61: 8 | B61: 镜子 | D61: 面 | E61: 2 | F61: 28
A62: 9 | B62: 洗手台 | D62: 个 | E62: 3 | F62: 255
A63: 10 | B63: 水龙头 | D63: 个 | E63: 3 | F63: 27
A64: 11 | B64: 菲佣纸巾架 | D64: 个 | E64: 1 | F64: 3
B65: 小计 | F65: 467
B66: 合计 | F66: 11529

Sheet 17
A2: 评估明细表（17#包厢）
A3: 委托单位： | B3: 义乌市产业投资发展集团有限公司
A4: 休息区：
A5: 序 号 | B5: 物品名称 | C5: 规格 | D5: 单位 | E5: 数量 | F5: 评估值（元） | G5: 备注
A6: 1 | B6: 沙发一套 | C6: 3人1张，单人2张 | D6: 套 | E6: 1 | F6: 450
A7: 2 | B7: 方靠枕 | D7: 个 | E7: 5 | F7: 0
A8: 3 | B8: 长方形靠枕 | D8: 个 | E8: 3 | F8: 0
A9: 4 | B9: 水晶烟缸 | D9: 个 | E9: 1 | F9: 2
A10: 5 | B10: 茶几 | C10: 1.25M*0.75M | D10: 张 | E10: 1 | F10: 180
A11: 6 | B11: 屏风 | C11: 2M*2M | D11: 个 | E11: 1 | F11: 52
A12: 7 | B12: 相框 | D12: 个 | E12: 2 | F12: 2
A13: 8 | B13: 台灯桌 | D13: 张 | E13: 2 | F13: 84
A14: 9 | B14: 台灯 | D14: 盏 | E14: 2 | F14: 80
A15: 10 | B15: 小饰品茶花 | D15: 盆 | E15: 1 | F15: 2
A16: 11 | B16: 小装饰物 | D16: 件 | E16: 11 | F16: 19
A17: 12 | B17: 装饰柜 | C17: L2M, H2.2M | D17: 个 | E17: 1 | F17: 485
A18: 13 | B18: 电视机 | C18: 海信 | D18: 台 | E18: 1 | F18: 200
A19: 14 | B19: 音响控制机 | D19: 个 | E19: 1 | F19: 55
A20: 15 | B20: 机顶盒 | D20: 台 | E20: 1 | F20: 11
A21: 16 | B21: 挂墙小音响 | D21: 个 | E21: 2 | F21: 50
A22: 17 | B22: 落地音响 | D22: 个 | E22: 2 | F22: 110
A23: 18 | B23: 柜内小音响 | D23: 个 | E23: 1 | F23: 35
A24: 19 | B24: 吊灯 | D24: 盏 | E24: 1 | F24: 120
A25: 20 | B25: 地图 | D25: 幅 | E25: 8 | F25: 7
A26: 21 | B26: 白花毛皮单椅 | C26: （无扶手） | D26: 张 | E26: 1 | F26: 300
A27: 22 | B27: 地毯 | C27: 4M*4M | D27: 张 | E27: 1 | F27: 86
B28: 小计 | F28: 2330
A29: 用餐区：
A30: 序 号 | B30: 物品名称 | C30: 规格 | D30: 单位 | E30: 数量 | F30: 评估值（元） | G30: 备注
A31: 1 | B31: 钮扣椅 | D31: 张 | E31: 16 | F31: 1248
A32: 2 | B32: 钮扣无扶手椅 | D32: 张 | E32: 1 | F32: 68
A33: 3 | B33: 玻璃转盘 | D33: 张 | E33: 1 | F33: 80
A34: 4 | B34: 带架桌面 | D34: 张 | E34: 1 | F34: 105
A35: 5 | B35: 墙画 | C35: 梅兰竹菊 | D35: 幅 | E35: 4 | F35: 18
A36: 6 | B36: 装饰柜 | C36: 3门 | D36: 个 | E36: 1 | F36: 800
A37: 7 | B37: 小装饰品 | D37: 件 | E37: 22 | F37: 33
A38: 8 | B38: 假书 | D38: 本 | E38: 2 | F38: 0
A39: 9 | B39: 长方形装饰架 | C39: 三层 L1.7M, H1M | D39: 个 | E39: 1 | F39: 150
A40: 10 | B40: 假花 | D40: 盆 | E40: 3 | F40: 14
A41: 11 | B41: 不锈钢衣架 | D41: 个 | E41: 1 | F41: 20
A42: 12 | B42: 吊灯 | D42: 盏 | E42: 1 | F42: 100
A43: 13 | B43: 方太厨具 | D43: 套 | E43: 1 | F43: 860
A44: 14 | B44: 黑色垃圾筒 | D44: 个 | E44: 1 | F44: 1
A45: 15 | B45: 毛巾柜 | C45: 单层 | D45: 个 | E45: 1 | F45: 10
A46: 16 | B46: 电话机 | D46: 个 | E46: 1 | F46: 2
A47: 17 | B47: 壁灯 | D47: 盏 | E47: 2 | F47: 40
A48: 18 | B48: 窗台边花架 | C48: L1M | D48: 个 | E48: 1 | F48: 50
A49: 19 | B49: 水壶 | D49: 个 | E49: 3 | F49: 5
B50: 小计 | F50: 3604
A51: 洗手间：
A52: 序 号 | B52: 物品名称 | C52: 规格 | D52: 单位 | E52: 数量 | F52: 评估值（元） | G52: 备注
A53: 1 | B53: 洗手台 | D53: 个 | E53: 2 | F53: 170
A54: 2 | B54: 水龙头 | D54: 个 | E54: 2 | F54: 18
A55: 3 | B55: 水晶植物缸 | D55: 个 | E55: 1 | F55: 1
A56: 4 | B56: 竹藤篮 | D56: 个 | E56: 1 | F56: 2
A57: 5 | B57: 小便池 | D57: 个 | E57: 1 | F57: 39
A58: 6 | B58: 马桶 | D58: 个 | E58: 1 | F58: 67
A59: 7 | B59: 高级垃圾筒 | D59: 个 | E59: 1 | F59: 2
A60: 8 | B60: 海尔暖宝 | D60: 个 | E60: 1 | F60: 21
A61: 9 | B61: 纸巾盒 | D61: 个 | E61: 1 | F61: 0
A62: 10 | B62: 镜子 | D62: 面 | E62: 1 | F62: 14
A63: 11 | B63: 油画 | D63: 幅 | E63: 1 | F63: 5
B64: 小计 | F64: 339
B65: 合计 | F65: 6273

Sheet 大厅
A2: 评估明细表（大厅）
A3: 委托单位： | B3: 义乌市产业投资发展集团有限公司 | E3: 评估基准日： 2020年10月29日
A4: 序 号 | B4: 物品名称 | C4: 规格 | D4: 单位 | E4: 数量 | F4: 评估值(元） | G4: 备注
A5: 1 | B5: 毛巾柜 | C5: 单层 | D5: 个 | E5: 1 | F5: 10
A6: 2 | B6: 落台（茶水柜） | D6: 个 | E6: 1 | F6: 50
A7: 3 | B7: 带架桌面 | D7: 张 | E7: 3 | F7: 105
A8: 4 | B8: 长方形装饰架 | D8: 张 | E8: 1 | F8: 150
A9: 5 | B9: 假花 | D9: 盆 | E9: 3 | F9: 14
A10: 6 | B10: 光面凳子 | D10: 张 | E10: 18 | F10: 198
A11: 7 | B11: 装饰品 | D11: 件 | E11: 20 | F11: 30
A12: 8 | B12: 洗手台 | D12: 个 | E12: 2 | F12: 170
A13: 9 | B13: 水龙头 | D13: 个 | E13: 2 | F13: 18
A14: 10 | B14: 小便池 | D14: 个 | E14: 1 | F14: 39
A15: 11 | B15: 马桶 | D15: 个 | E15: 1 | F15: 67
A16: 12 | B16: 高级垃圾筒 | D16: 个 | E16: 1 | F16: 2
A17: 13 | B17: 镜子 | D17: 面 | E17: 1 | F17: 14
... A20: 16 | B20: 电视机 | D20: 台 | E20: 1 | F20: 100
A21: 17 | B21: 椭圆形桌 | C21: L1.8M, H0.8M | D21: 个 | E21: 1 | F21: 320
B22: 合计 | F22: 1398

Sheet 一楼过道
A2: 评估明细表（一楼走廊）
A3: 委托单位： | B3: 义乌市产业投资发展集团有限公司 | E3: 评估基准日： 2020年10月29日
A5: 序 号 | B5: 物品名称 | C5: 规格 | D5: 单位 | E5: 数量 | F5: 评估值（元） | G5: 备注
A6: 1 | B6: 大门口大柜 | C6: L1.7M, H3M | D6: 个 | E6: 2 | F6: 9000
A7: 2 | B7: 落地台灯 | D7: 盏 | E7: 5 | F7: 200
A8: 3 | B8: 壁灯 | D8: 盏 | E8: 6 | F8: 120
A9: 4 | B9: 鸟笼 | D9: 个 | E9: 1 | F9: 300
A10: 5 | B10: 花架 | D10: 个 | E10: 1 | F10: 30
A11: 6 | B11: 大理石长条桌 | C11: 2M*0.35M | D11: 张 | E11: 2 | F11: 1600
A12: 7 | B12: 镜子 | D12: 面 | E12: 1 | F12: 24
A13: 8 | B13: 壁画 | D13: 幅 | E13: 7 | F13: 32
A14: 9 | B14: 挂画 | D14: 幅 | E14: 7 | F14: 32
A15: 10 | B15: 流水柱 | D15: 个 | E15: 1 | F15: 55
A16: 11 | B16: 预订台桌 | D16: 个 | E16: 1 | F16: 250
A17: 12 | B17: 小饰品 | D17: 件 | E17: 17 | F17: 18
A18: 13 | B18: 垃圾筒 | D18: 个 | E18: 1 | F18: 1
A19: 14 | B19: 马车 | D19: 辆 | E19: 1 | F19: 2700
A20: 15 | B20: 大厅吊灯 | D20: 盏 | E20: 1 | F20: 165
A21: 16 | B21: 大厅吊灯 | D21: 盏 | E21: 1 | F21: 570
A22: 17 | B22: 高脚椅 | D22: 张 | E22: 4 | F22: 196
A23: 18 | B23: 主持台 | D23: 个 | E23: 1 | F23: 18
... A25: 20 | B25: 椎形书架 | D25: 个 | E25: 1 | F25: 108
A26: 21 | B26: 二层装饰柜 | C26: L1.6M, H2.4M | D26: 个 | E26: 3 | F26: 1800
A27: 22 | B27: 桌子 | C27: 1.6M*0.6M | D27: 张 | E27: 1 | F27: 300
A28: 23 | B28: 皮沙发 | C28: 1+2+3 | D28: 套 | E28: 1 | F28: 0 | G28: 破旧
A29: 24 | B29: 钟 | D29: 个 | E29: 1 | F29: 25
A30: 25 | B30: 酒柜 | C30: L1.05M, H1.2M | D30: 个 | E30: 1 | F30: 200
B32: 合计 | F32: 18044

Sheet 二楼过道
A2: 评估明细表（二楼走廊）
A3: 委托单位： | B3: 义乌市产业投资发展集团有限公司 | E3: 评估基准日： 2020年10月29日
A5: 序 号 | B5: 物品名称 | C5: 规格 | D5: 单位 | E5: 数量 | F5: 评估值（元） | G5: 备注
A6: 1 | B6: 镜子 | D6: 面 | E6: 2 | F6: 90
A7: 2 | B7: 装饰柜 | C7: H0.8M | D7: 个 | E7: 1 | F7: 80
A8: 3 | B8: 假花 | D8: 盆 | E8: 3 | F8: 14
A9: 4 | B9: 小饰品 | D9: 个 | E9: 3 | F9: 5
A10: 5 | B10: 字画 | D10: 幅 | E10: 10 | F10: 45
A11: 6 | B11: 壁灯 | D11: 盏 | E11: 10 | F11: 220
A12: 7 | B12: 酒柜 | C12: 4门，L2.2M,H2.3M | D12: 个 | E12: 1 | F12: 1060
A13: 8 | B13: 鸟笼 | D13: 个 | E13: 2 | F13: 600 | G13: 2楼走廊一个，楼顶一个
A14: 9 | B14: 花架 | D14: 个 | E14: 1 | F14: 50
A15: 10 | B15: 壁画 | D15: 幅 | E15: 2 | F15: 9
A16: 11 | B16: 大理石面饰品柜 | C16: 1.1M*1.1M | D16: 个 | E16: 1 | F16: 110
A17: 12 | B17: 大理石面饰品柜 | C17: 1.3M*1.1M | D17: 个 | E17: 2 | F17: 280
A18: 13 | B18: 台灯 | D18: 盏 | E18: 1 | F18: 42
A19: 14 | B19: 长方形柜子 | C19: L1.7M, H1M | D19: 个 | E19: 1 | F19: 170
A20: 15 | B20: 帆船 | D20: 艘 | E20: 1 | F20: 11
A21: 16 | B21: 会议椅 | D21: 张 | E21: 15 | F21: 150
A22: 17 | B22: 无扶手皮靠背椅 | D22: 张 | E22: 12 | F22: 720
A23: 18 | B23: 木皮双人纽扣沙发 | D23: 张 | E23: 1 | F23: 0
A24: 19 | B24: 方靠背 | D24: 张 | E24: 2 | F24: 0
A25: 20 | B25: 高脚椅 | D25: 张 | E25: 1 | F25: 49
B26: 合计 | F26: 3705

Sheet 收银
A2: 评估明细表（收银办公室）
A3: 委托单位： | B3: 义乌市产业投资发展集团有限公司 | E3: 评估基准日： 2020年10月29日
A5: 序 号 | B5: 物品名称 | C5: 规格 | D5: 单位 | E5: 数量 | F5: 评估值（元） | G5: 备注
A6: 1 | B6: 复印机 | C6: HP一体机 | D6: 台 | E6: 1 | F6: 115
A7: 2 | B7: 电脑 | C7: 联想 | D7: 台 | E7: 1 | F7: 260 | G7: 报废
A8: 3 | B8: 发票打印机 | C8: 爱普生 | D8: 台 | E8: 1 | F8: 65
A9: 4 | B9: 椅子 | D9: 张 | E9: 3 | F9: 17
A10: 5 | B10: 冷风机 | C10: 先锋 | D10: 台 | E10: 1 | F10: 47
A11: 6 | B11: 保险柜 | C11: 小 | D11: 个 | E11: 1 | F11: 50
A12: 7 | B12: 储物架 | C12: 4层，1.2M*1.8M | D12: 个 | E12: 1 | F12: 24
A13: 8 | B13: 单层双门铁皮文件柜 | D13: 个 | E13: 5 | F13: 48
A14: 9 | B14: 办公桌 | C14: L1.3M | D14: 张 | E14: 1 | F14: 45
B15: 合计 | F15: 671
A19: 评估明细表（王总办公室（配电室））
A20: 委托单位： | B20: 义乌市产业投资发展集团有限公司 | E20: 评估基准日： 2020年10月29日
A22: 序 号 | B22: 物品名称 | C22: 规格 | D22: 单位 | E22: 数量 | F22: 评估值（元） | G22: 备注
A23: 1 | B23: 空调 | D23: 台 | E23: 1 | F23: 260 | G23: 报废
A24: 2 | B24: 配电机+柜 | D24: 台 | E24: 1 | F24: 50
A25: 3 | B25: 音响箱 | D25: 个 | E25: 1 | F25: 70
A26: 4 | B26: 办公桌 | D26: 张 | E26: 1 | F26: 45
A27: 5 | B27: 画 | D27: 幅 | E27: 2 | F27: 9
B29: 合计 | F29: 434
A32: 评估明细表（张总（财务）办公室）
A33: 委托单位： | B33: 义乌市产业投资发展集团有限公司 | E33: 评估基准日： 2020年10月29日
A35: 序 号 | B35: 物品名称 | C35: 规格 | D35: 单位 | E35: 数量 | F35: 评估值（元） | G35: 备注
A36: 1 | B36: 铁皮文件柜 | C36: 三层1.5M*0.4M | D36: 个 | E36: 1 | F36: 52
A37: 2 | B37: 黄色无扶手椅 | D37: 张 | E37: 2 | F37: 70
A38: 3 | B38: 办公桌 | C38: 1.3M | D38: 张 | E38: 1 | F38: 45
A39: 4 | B39: 保险箱 | D39: 个 | E39: 1 | F39: 80
A40: 5 | B40: 单层双门铁皮文件柜 | D40: 个 | E40: 2 | F40: 19
A41: 6 | B41: 2工位办公桌 | C41: 1.5M*0.65M*2 | D41: 套 | E41: 1 | F41: 110
A42: 7 | B42: 电脑 | C42: 联想 | D42: 台 | E42: 2 | F42: 520
A43: 8 | B43: 打印机 | C43: 佳能L11121E | D43: CK | E43: 1 | F43: 73
A44: 9 | B44: 碎纸机 | C44: 科密3638型 | D44: 台 | E44: 1 | F44: 68
A46: 合计： | B46: 合计 | F46: 1037

Sheet 销售
A2: 评估明细表（销售办公室）
A3: 委托单位： | B3: 义乌市产业投资发展集团有限公司 | E3: 评估基准日： 2020年10月29日
A5: 序 号 | B5: 物品名称 | C5: 规格 | D5: 单位 | E5: 数量 | F5: 评估值（元） | G5: 备注
A6: 1 | B6: 电脑桌 | D6: 张 | E6: 4 | F6: 120
A7: 2 | B7: 椅子 | D7: 张 | E7: 6 | F7: 66
A8: 3 | B8: 抽屉柜 | D8: 个 | E8: 2 | F8: 30
A9: 4 | B9: 大班桌 | C9: 3.2M*1.1M | D9: 张 | E9: 1 | F9: 580
A10: 5 | B10: 书柜 | C10: 6门 L3M, H2.3M | D10: 张 | E10: 1 | F10: 850
A11: 6 | B11: 洗手台 | D11: 个 | E11: 2 | F11: 340
A12: 7 | B12: 水龙头 | D12: 个 | E12: 2 | F12: 36
A13: 8 | B13: 海尔暖宝 | D13: 个 | E13: 1 | F13: 43
A14: 9 | B14: 镜子 | D14: 面 | E14: 2 | F14: 55
A15: 10 | B15: 屏风 | C15: 1.5M*2M | D15: 扇 | E15: 1 | F15: 50
A17: 合计： | B17: 合计 | F17: 2170
A21: 评估明细表（酒水坊）
A22: 委托单位： | B22: 义乌市产业投资发展集团有限公司 | E22: 评估基准日： 2020年10月29日
A24: 序 号 | B24: 物品名称 | C24: 规格 | D24: 单位 | E24: 数量 | F24: 评估值（元） | G24: 备注
A25: 1 | B25: 电脑 | D25: 台 | E25: 1 | F25: 260
A26: 2 | B26: 打印机 | C26: 小票出单 | D26: 台 | E26: 1 | F26: 28
A27: 3 | B27: 酒架 | D27: 个 | E27: 1 | F27: 20
A28: 4 | B28: 桌子 | D28: 张 | E28: 1 | F28: 45
A29: 5 | B29: 椅子 | D29: 张 | E29: 2 | F29: 44
B31: 合计 | F31: 397

Sheet 厨房
A1: 评估明细表（厨房）
A2: 委托单位： | B2: 义乌市产业投资发展集团有限公司 | E2: 评估基准日： 2020年10月29日
A4: 序 号 | B4: 物品名称 | C4: 规格 | D4: 单位 | E4: 数量 | F4: 评估值（元） | G4: 备注
A5: 1 | B5: 养鱼池 | C5: 6M*2M 三层 | D5: 只 | E5: 1 | F5: 800
A6: 2 | B6: 文件柜 | C6: 双门二层 | D6: 个 | E6: 1 | F6: 52
A7: 3 | B7: 炉灶操作台 | D7: 套 | E7: 4 | F7: 1200
A8: 4 | B8: 美的空调 | C8: 挂机 | D8: 台 | E8: 4 | F8: 1040
B11: 合计 | F11: 3092

Sheet 其他
A1: 评估明细表（其他）
A2: 委托单位： | B2: 义乌市产业投资发展集团有限公司 | E2: 评估基准日： 2020年10月29日
A4: 序 号 | B4: 物品名称 | C4: 规格 | D4: 单位 | E4: 数量 | F4: 评估值（元） | G4: 备注
A5: 1 | B5: 大厅空调 | C5: 大金R410A | D5: 台 | E5: 12 | F5: 16440
A6: 2 | B6: 门口大钟 | D6: 个 | E6: 1 | F6: 9000
B8: 合计 | F8: 25440
